 Dungeon Crawl Stone Soup version 0.28-a0-8-g6e044cfa68 (webtiles) character file.

Game seed: 15352740761995368520

239 lmSkywalker the Skirmisher (level 6, -4/56 HPs)
             Began as a Hill Orc Fighter on July 23, 2021.
             Slain by Sigmund (7 damage)
             ... on level 3 of the Dungeon.
             The game lasted 00:07:57 (3120 turns).

lmSkywalker the Skirmisher (Hill Orc Fighter)       Turns: 3120, Time: 00:07:57

Health: -4/56      AC: 11    Str: 20    XL:     6   Next: 7%
Magic:  6/6        EV:  8    Int:  9    God:
Gold:   66         SH:  9    Dex: 10    Spells: 5/5 levels left

rFire   + . .      SeeInvis .   a - +0 war axe
rCold   . . .      Faith    .   c - +0 kite shield
rNeg    . . .      Spirit   .   j - +4 ring mail {rF+}
rPois   .          Reflect  .   s - +0 helmet
rElec   .          Harm     .   (no cloak)
rCorr   .          Rampage  .   (no gloves)
Will    .....                   (no boots)
Stlth   ..........              (no amulet)
HPRegen 0.18/turn               (no ring)
MPRegen 0.10/turn               (no ring)

@: mighty
A: no striking features
a: no special abilities


You were on level 3 of the Dungeon.
You visited 1 branch of the dungeon, and saw 3 of its levels.

You collected 66 gold pieces.

Inventory:

Hand Weapons
 a - a +0 war axe (weapon)
Armour
 c - a +0 kite shield (worn)
 j - a +4 ring mail of fire resistance (worn)
 s - a +0 helmet (worn)
Jewellery
 m - a ring of ice
Scrolls
 e - a scroll of enchant weapon {unknown}
 g - 3 scrolls of identify {unknown}
 h - 2 scrolls of amnesia {unknown}
 i - a scroll of immolation {unknown}
 o - 2 scrolls of teleportation {unknown}
 p - a scroll of enchant armour {unknown}
Potions
 b - a potion of flight {unknown}
 f - a potion of curing
 k - 2 potions of brilliance {unknown}
 l - a potion of berserk rage {unknown}
 n - a potion of haste {unknown}
 q - a potion of magic {unknown}
 r - a potion of heal wounds {unknown}
 t - a potion of attraction {unknown}


   Skills:
 + Level 5.0 Fighting
 + Level 4.6 Axes
 + Level 4.5 Armour
 + Level 4.5 Shields


You had 5 spell levels left.
You didn't know any spells.
Your spell library contained the following spells:

 Spells                   Type           Power      Damage    Failure   Level
 Shock                    Conj/Air       0%         1d3       95%         1
 Summon Small Mammal      Summ           0%         N/A       95%         1
 Call Canine Familiar     Summ           0%         N/A       100%        3
 Summon Guardian Golem    Hex/Summ       0%         N/A       100%        3
 Passage of Golubria      Tloc           N/A        N/A       100%        4
 Silence                  Hex/Air        0%         N/A       100%        5
 Lehudib's Crystal Spear  Conj/Erth      0%         10d2      100%        8


Dungeon Overview and Level Annotations

Branches:
Dungeon (3/15)

Altars:
Kikubaaqudgha
Sif Muna
Trog
Uskayaw

Shops:
D:3 !

Annotations:
D:3 Sigmund


Message History

Your shield prevents you from hitting Sigmund.
Sigmund gestures wildly while chanting.
Sigmund flickers and vanishes!
Deactivating autopickup; reactivate with Ctrl-A.
You miss something.
Something hits you but does no damage. x2
You're too confused to move!
You feel less confused. Something hits you.
You miss something. Something hits you but does no damage.
Your shield prevents you from hitting something.
You block something's attack. Something hits you.
You closely miss something. Something hits you but does no damage.
You closely miss something. Something hits you!
Something hits you but does no damage.
You slash something! Something hits you.
You barely miss something. You block something's attack.
You miss something. Something hits you! Something hits you.
You barely miss something. Something hits you!
You hit something. Something hits you but does no damage. Something hits you.
You slash something! Something hits you.
* * * LOW HITPOINT WARNING * * *
You barely miss something. Something hits you but does no damage.
You hear some strange, mumbled words.
A magic dart appears from out of thin air!
The magic dart hits you.
* * * LOW HITPOINT WARNING * * *
You completely miss something.
You hear some strange, mumbled words.
A magic dart appears from out of thin air!
The magic dart hits you.
* * * LOW HITPOINT WARNING * * *
You closely miss something. You block something's attack. Something hits you.
* * * LOW HITPOINT WARNING * * *
You closely miss something. Something hits you but does no damage.
You miss something.
You hear some strange, mumbled words.
A puff of flame appears from out of thin air!
You block the puff of flame.
You closely miss something. Something hits you!
You die...

.##.##.###...8..._...8.......#.#.
....##.....#.....).....#.....#.#.
##########.#.8.....@.8.#.........
#..................#.....##.. ##
#........8.......8.#.....##.. .#
#................(.#.....##.. +##
#.......#...########.........
..###.......#...#.....##.........
..+.#.......#..{@.....##...⌠....≈
..#.#.................##.#....≈≈≈
..#.#.#######..........).##..≈≈≈≈
..#.#.# #########.###..##...≈≈≈
....>.# #.....###.# #..#..≈≈≈≈≈
......#####<........# #..#.≈.....
......##........##### #..#._.....
....####.####...# #.)#....##.
.....##...##....# #..########


There were no monsters in sight!

Vanquished Creatures
  Jessica (D:2)
  Terence (D:2)
  Natasha (thrice) (D:3)
  A gnoll (D:3)
  3 adders
  A white imp (D:3)
  A dart slug (D:3)
  2 orcs (D:3)
  7 ball pythons
  5 endoplasms
  A giant cockroach (D:2)
  4 goblins
  9 hobgoblins
  6 jackals
  A quokka (D:2)
  7 bats
  2 frilled lizards
  6 kobolds
  8 rats
69 creatures vanquished.

Vanquished Creatures (others)
  11 plants (D:2)
11 creatures vanquished.

Grand Total: 80 creatures vanquished

Notes
Turn   | Place    | Note
-------+----------+-------------------------------------------
     0 | D:1      | lmSkywalker the Hill Orc Fighter began the quest for the
                  | Orb.
     0 | D:1      | Reached XP level 1. HP: 19/19 MP: 1/1
   237 | D:1      | Reached XP level 2. HP: 24/27 MP: 2/2
   422 | D:1      | Reached skill level 4 in Fighting
   653 | D:1      | Reached XP level 3. HP: 28/33 MP: 3/3
   902 | D:2      | Noticed Jessica
   918 | D:2      | Killed Jessica
   919 | D:2      | Reached XP level 4. HP: 4/41 MP: 4/4
  1257 | D:2      | Noticed Terence
  1278 | D:2      | Killed Terence
  1885 | D:2      | Reached XP level 5. HP: 36/47 MP: 5/5
  2201 | D:3      | Found a hide-covered altar of Uskayaw.
  2201 | D:3      | Noticed Sigmund
  2404 | D:3      | Found an ancient bone altar of Kikubaaqudgha.
  2522 | D:3      | Found a bloodstained altar of Trog.
  2539 | D:3      | Found a shimmering blue altar of Sif Muna.
  2543 | D:3      | Got Sif Muna's Handbook of Weightlessness
  2639 | D:3      | Noticed Natasha
  2648 | D:3      | Killed Natasha
  2747 | D:3      | Noticed Natasha
  2805 | D:3      | Killed Natasha
  2816 | D:3      | Noticed Natasha
  2889 | D:3      | Killed Natasha
  2890 | D:3      | Reached skill level 5 in Fighting
  2890 | D:3      | Reached XP level 6. HP: 46/56 MP: 6/6
  3007 | D:3      | Found Leum's Distillery.
  3012 | D:3      | Found a faded altar of an unknown god.
  3117 | D:3      | HP: 2/56 [something (6)]
  3120 | D:3      | Slain by Sigmund

Illustrated notes

Levels and vault maps discovered:
D:1:      dpeg_arrival_tiny_j, layout_rooms, minmay_misc_feat_hallway,
          minmay_small_reverse_x
D:2:      layout_loops_ring, grunt_decor_clamped, serial_bayou_ford_a,
          minmay_increasing_density, uniq_jessica, uniq_terence
D:3:      layout_basic, nzn_overflow_gifts_of_might_and_magic,
          eat_drink_and_be_merry_uskayaw, kiku_gazebo_pond_becter,
          mainiacjoe_overflow_catwalk, serial_shops,
          nicolae_shop_competitors_out_of_business,
          shapermc_ecumenical_altar_venn, nrook_loot_triangle, uniq_natasha,
          uniq_sigmund

Skill      XL: |  1  2  3  4  5 |
---------------+----------------+-----
Axes           | 3 4 |  4.6
Fighting       | 4 5 |  5.0
Armour         | 4 |  4.5
Shields        | 4 |  4.5

Action                   |  1- 3 |  4- 6 || total
-------------------------+-------+-------++-------
Melee: War axe           |    73 |   148 ||   221
  Use: Potion            |       |     1 ||     1
Armor: Scale mail        |    29 |     9 ||    38
       Ring mail         |       |    68 ||    68
Dodge: Dodged            |    21 |    45 ||    66
Block: Kite shield       |    41 |    72 ||   113

Table legend: (Time is in decaauts)
 A = Elapsed time spent in this place.
 B = Non-inter-level travel time spent in this place.
 C = Inter-level travel time spent in this place.
 D = Time resting spent in this place.
 E = Time spent auto-exploring this place.
 F = Levels seen in this place.
 G = Mean time per level.
                   A        B        C        D        E       F      G
               +--------+--------+--------+--------+--------+-----+--------+
         Total |   3270 |   3101 |    169 |    607 |   1421 |   3 | 1090.0 |
       Dungeon |   3270 |   3101 |    169 |    607 |   1421 |   3 | 1090.0 |
               +--------+--------+--------+--------+--------+-----+--------+

Top non-repeatable levels by time:
     D:2: 1677 daAuts
     D:1: 841 daAuts
     D:3: 752 daAuts
